 Dungeon Crawl Stone Soup version 0.26.1-2-gb8aa6d0cf2 (webtiles) character file.

Game seed: 14878209889977103693

284 Electrofox the Digger (level 6, -1/45 HPs)
             Began as a Draconian Earth Elementalist on Mar 12, 2021.
             Was an Initiate of Sif Muna.
             Killed from afar by an orc wizard (5 damage)
             ... with a magic dart
             ... on level 4 of the Dungeon.
             The game lasted 00:26:34 (5417 turns).

Electrofox the Digger (DrEE)                        Turns: 5417, Time: 00:26:35

Health: -1/45      AC:  6    Str: 17    XL:     6   Next: 7%
Magic:  9/9        EV: 12    Int: 17    God:    Sif Muna [......]
Gold:   222        SH:  0    Dex: 11    Spells: 6/10 levels left

rFire    . . .     SeeInvis .   a - +2 dagger (elec)
rCold    . . .     Faith    .   (no shield)
rNeg     . . .     Spirit   .   (armour unavailable)
rPois    .         Reflect  .   (helmet restricted)
rElec    .         Harm     .   (no cloak)
rCorr    .         Rampage  .   (no gloves)
Will     .....                  (no boots)
Stlth    ++........             (no amulet)
HPRegen  0.15/turn              i - ring of flight
MPRegen  0.11/turn              s - +6 ring of strength

@: no status effects
A: unfitting armour, cold-blooded, AC +6
a: Renounce Religion, Evoke Flight


You were on level 4 of the Dungeon.
You worshipped Sif Muna.
Sif Muna was noncommittal.
You visited 2 branches of the dungeon, and saw 5 of its levels.

You collected 222 gold pieces.

Inventory:

Hand Weapons
 a - a +2 dagger of electrocution (weapon)
 u - the cursed +1 quarterstaff "Cechor" {drain, *Noise rF++ Dex+8 Stlth+, unknown}
   (You found it on level 4 of the Dungeon)

   A truly terrible weapon, it drains the life of those it strikes.
   It affects your dexterity (+8).
   It greatly protects you from fire.
   It may make noises in combat.
   It makes you more stealthy.
   It has a curse placed upon it.
Missiles
 b - 87 stones
 h - 20 poisoned darts (quivered)
Jewellery
 i - a ring of flight (left hand)
 s - a +6 ring of strength (right hand)
Wands
 g - a wand of flame (7)
Scrolls
 d - 2 scrolls of remove curse
 m - a scroll of enchant weapon {unknown}
 n - 4 scrolls of identify {unknown}
 o - a scroll of fear {unknown}
 p - a scroll of noise {unknown}
 q - a scroll of enchant armour {unknown}
Potions
 c - 3 potions of mutation {unknown}
 e - a potion of might {unknown}
 f - 2 potions of degeneration {unknown}
 j - 2 potions of haste {unknown}
 k - a potion of cancellation {unknown}
 l - a potion of heal wounds {unknown}
 r - a potion of flight {unknown}
 t - a potion of brilliance {unknown}
 v - a potion of curing {unknown}


   Skills:
 * Level 0.4 Short Blades
 - Level 1.7 Dodging
 - Level 1.7 Stealth
 - Level 2.6 Spellcasting
 + Level 2.1 Conjurations
 - Level 1.0 Transmutations
 - Level 6.0 Earth Magic


You had 6 spell levels left.
You knew the following spells:

 Your Spells              Type           Power        Failure   Level
a - Sandblast             Erth           44%          1%          1
b - Stone Arrow           Conj/Erth      32%          10%         3

Your spell library contained the following spells:

 Spells                   Type           Power        Failure   Level
 Passwall                 Tmut/Erth      11%          7%          2
 Magic Dart               Conj           36%          8%          1
 Searing Ray              Conj           18%          11%         2
 Corona                   Hex            2%           19%         1
 Ensorcelled Hibernation  Hex/Ice        4%           28%         2
 Dazzling Flash           Conj/Hex       10%          34%         3
 Petrify                  Tmut/Erth      14%          41%         4
 Lee's Rapid Deconstruct  Erth           11%          41%         5
 Confusing Touch          Hex            2%           50%         3
 Tukima's Dance           Hex            2%           50%         3
 Fulminant Prism          Conj/Hex       2%           75%         4
 Iskenderun's Mystic Bla  Conj/Tloc      5%           75%         4


Dungeon Overview and Level Annotations

Branches:
Dungeon (4/15)             Temple (1/1) D:4

Altars:
Cheibriados
Hepliaklqana
Kikubaaqudgha
Okawaru
Sif Muna
Trog
Uskayaw
Vehumet
Wu Jian
Xom
Yredelemnul
Zin


Innate Abilities, Weirdness & Mutations

Your plain brown scales are hard. (AC +6)
You cannot fit into any form of body armour.
You are cold-blooded and may be slowed by cold attacks.


Message History

A magic dart appears from out of thin air!
The magic dart hits you.
You closely miss the orc. Something hits you. The orc misses you.
You hit the orc.
The orc is heavily wounded.
You hear some strange, mumbled words.
A puff of flame appears from out of thin air!
The puff of flame hits you!
* * * LOW HITPOINT WARNING * * *
The orc hits you but does no damage. Something hits you.
* * * LOW HITPOINT WARNING * * *
An orc wizard appears from thin air!
Reactivating autopickup.
The orc wizard points at you and mumbles some strange words.
The magic dart hits you.
* * * LOW HITPOINT WARNING * * *
The orc wizard casts a spell at you. The magic dart hits you.
You die...

.# #......#..............#.#.#.#.
####......#...........#.##.#.#.#.
......................#.##.#.#.#.
#...........##..#####....#.#.....
#.##..).....##.o# ########.######
.......#....##o.# #........#.....
..###..#....##..# #....#####.####
............##..###....#####.#
.#..............@......##....#
..........#########.#.###.#######
S#.######.# ###...# #.# #....
#.#######.....# #.# #....
#.##....#.....###.# #....
#.##..............# #....
#.##....##.#.########....
#.##....##.#......##.....
#.##....##.####.####.....


You could see an orc wizard and an orc.

Vanquished Creatures
  A worker ant (D:4)
  15 gnolls
  4 adders
  An ufetubus (D:2)
  An adder skeleton (D:4)
  A worm (D:2)
  3 dart slugs
  2 orcs (D:4)
  3 giant cockroaches
  9 goblins
  6 hobgoblins
  3 jackals (D:3)
  2 quokkas (D:3)
  5 bats
  9 kobolds
  7 rats
72 creatures vanquished.

Notes
Turn   | Place    | Note
-------+----------+-------------------------------------------
     0 | D:1      | Electrofox the Draconian Earth Elementalist began the quest
                  | for the Orb.
     0 | D:1      | Reached XP level 1. HP: 14/14 MP: 3/3
   444 | D:1      | Reached XP level 2. HP: 20/20 MP: 5/5
  1045 | D:2      | Reached XP level 3. HP: 26/26 MP: 4/6
  1099 | D:2      | Reached skill level 4 in Earth Magic
  1293 | D:2      | Learned a level 3 spell: Stone Arrow
  1844 | D:1      | Reached XP level 4. HP: 25/33 MP: 5/7
  2309 | D:2      | Reached skill level 5 in Earth Magic
  2607 | D:2      | Reached XP level 5. HP: 38/38 MP: 6/8
  3818 | D:3      | You fall into a shaft and drop 1 floor!
  3882 | D:4      | Reached skill level 1 in Conjurations
  3882 | D:4      | Reached skill level 6 in Earth Magic
  4149 | D:4      | Noticed a phantom
  4576 | D:3      | Reached XP level 6. HP: 38/45 MP: 6/9
  4867 | D:4      | Found a staircase to the Ecumenical Temple.
  4869 | D:4      | Got a brightly glowing quarterstaff
  4915 | Temple   | Entered the Ecumenical Temple
  5122 | Temple   | Became a worshipper of Sif Muna the Loreminder
  5417 | D:4      | Killed from afar by an orc wizard

Illustrated notes

Levels and vault maps discovered:
D:1:      lemuel_arrival_funnel, layout_basic
D:2:      layout_basic
D:3:      layout_loops_ring
D:4:      layout_basic, minmay_temple_entry_drinking_statues
Temple:   minmay_temple_bridge_abc

Skill      XL: |  1  2  3  4  5 |
---------------+----------------+-----
Earth Magic    | 4 5 6 |  6.0
Conjurations   | 2 |  2.1
Short Blades   | |  0.4
Dodging        | |  1.7
Stealth        | |  1.7
Spellcasting   | |  2.6
Transmutations | |  1.0

Action                   |  1- 3 |  4- 6 || total
-------------------------+-------+-------++-------
Melee: Club              |    21 |       ||    21
       Tailslap          |     6 |     3 ||     9
       Unarmed           |     2 |       ||     2
       Short sword       |    32 |    29 ||    61
       Dagger            |       |    39 ||    39
Throw: Dart              |     7 |    18 ||    25
 Cast: Sandblast         |    38 |    37 ||    75
  Use: Scroll            |       |     2 ||     2
Armor: Skin              |    19 |    25 ||    44
Dodge: Dodged            |    52 |    36 ||    88
